 Dungeon Crawl Stone Soup version 0.23.2-1-ga50397a (webtiles) character file.

Game seed: 5868669389971271259

599 myga the Ogre Mage (level 7, -1/66 HPs)
             Began as an Ogre Fire Elementalist on May 14, 2019.
             Slain by Natasha (6 damage)
             ... on level 4 of the Dungeon.
             The game lasted 00:20:24 (5185 turns).

myga the Ogre Mage (Ogre Fire Elementalist)         Turns: 5185, Time: 00:20:25

Health: -1/66      AC:  4    Str: 13    XL:     7   Next: 41%
Magic:  8/13       EV: 11    Int: 16    God:
Gold:   161        SH:  0    Dex: 13    Spells: 2/14 levels left

rFire    + . .     SeeInvis .   j - +0 scythe
rCold    x . .     Gourm    .   (shield currently unavailable)
rNeg     . . .     Faith    .   a - +0 robe
rPois    .         Spirit   .   (helmet restricted)
rElec    .         Reflect  .   p - +0 cloak
rCorr    .         Harm     .   (gloves unavailable)
MR       .....                  (boots unavailable)
Stlth    ++........             (no amulet)
HPRegen  0.21/turn              e - +2 ring of dexterity
MPRegen  0.13/turn              n - ring of fire

@: invisible
A: large, unfitting armour, tough skin 1
a: no special abilities


You were on level 4 of the Dungeon.
You were not hungry.

You visited 1 branch of the dungeon, and saw 4 of its levels.

You collected 161 gold pieces.

Inventory:

Hand Weapons
 g - a +2 hand axe of venom
 j - a +0 scythe (weapon)
Missiles
 b - 124 stones (quivered)
Armour
 a - a +0 robe (worn)
 p - a +0 cloak (worn)
Jewellery
 e - a +2 ring of dexterity (left hand)
 n - a ring of fire (right hand)
Scrolls
 f - a scroll of remove curse
 i - 2 scrolls of amnesia
 k - a scroll of magic mapping
 m - 2 scrolls of enchant weapon
Potions
 d - a potion of mutation
 l - a potion of curing
Comestibles
 c - 7 rations
 o - 2 chunks of flesh


   Skills:
 + Level 2.6 Fighting
 + Level 1.2(1.5) Axes
   Level 0.1(0.6) Maces & Flails
 + Level 1.1(1.3) Polearms
 + Level 3.3 Dodging
 + Level 2.4 Stealth
 + Level 4.3 Spellcasting
 + Level 2.7 Conjurations
 + Level 4.1 Fire Magic


You had 2 spell levels left.
You knew the following spells:

 Your Spells              Type           Power        Failure   Level  Hunger
a - Flame Tongue          Conj/Fire      ###..        4%          1    None
b - Throw Flame           Conj/Fire      ###...       6%          2    ##.....
c - Conjure Flame         Conj/Fire      ###.....     12%         3    ###....
d - Mephitic Cloud        Conj/Pois/Air  #.......     32%         3    ###....
e - Inner Flame           Hex/Fire       ###.....     22%         3    ###....

Your spell library contained the following spells:

 Spells                   Type           Power        Failure   Level  Hunger
 Magic Dart               Conj           ##..         5%          1    None
 Blink                    Tloc           N/A          26%         2    ##.....
 Call Imp                 Summ           #.......     26%         2    ##.....
 Slow                     Hex            #.......     26%         2    ##.....
 Sticky Flame             Conj/Fire      ###.....     36%         4    ####...
 Fireball                 Conj/Fire      ###.......   73%         5    ######.


Dungeon Overview and Level Annotations

Branches:
Dungeon (4/15)
 Temple: D:4-7

Altars:
Dithmenos
Gozag

Annotations:
D:3 Grinder
D:4 Natasha


Innate Abilities, Weirdness & Mutations

You are too large for most types of armour.
You have tough skin. (AC +1)


Message History

You closely miss something. Something claws you. x2
You barely miss something. Something claws you. x2
You closely miss something. Something claws you. Something claws you!
You miss something. Something claws you. x2
You barely miss something. Something claws you!
* * * LOW HITPOINT WARNING * * *
You hear some strange, mumbled words.
A magic dart appears from out of thin air!
The magic dart hits you.
* * * LOW HITPOINT WARNING * * *
Okay, then.
A magic dart appears from out of thin air!
The magic dart hits you.
* * * LOW HITPOINT WARNING * * *
Your magical contamination has completely faded away.
Something claws you.
* * * LOW HITPOINT WARNING * * *
You fade into invisibility!
Something claws you.
You die...

#............. #........#####
.## ###### ##......>.#
....#....#########.........#
#................รท####.[.# ##
###..%.########.....##...####.
#....## ##.###...^...##?.
#.....## ###..# ####....#...
#......###{@.## #........
######.....### #...#...>
####.## ##..##... ### ##.###..
#...... #...... ##..... #.....
##..#.


There were no monsters in sight!

Vanquished Creatures
  Sigmund (D:3)
  Eustachio (D:4)
  A hound (D:4)
  An orc priest (D:3)
  An orc wizard (D:3)
  Jessica (D:3)
  Natasha (D:4)
  Terence (D:3)
  5 adders
  A shadow imp (D:3)
  2 oozes
  2 dart slugs
  A leopard gecko (D:4)
  3 orcs (D:3)
  A ball python (D:2)
  8 bats
  4 giant cockroaches
  4 hobgoblins
  7 jackals (D:2)
  3 quokkas
  7 frilled lizards
  8 goblins
  6 kobolds
  7 rats
77 creatures vanquished.

Notes
Turn   | Place    | Note
-------+----------+-------------------------------------------
     0 | D:1      | myga the Ogre Fire Elementalist began the quest for the
                  | Orb.
     0 | D:1      | Reached XP level 1. HP: 16/16 MP: 3/3
   464 | D:1      | Reached XP level 2. HP: 13/24 MP: 5/5
   671 | D:1      | Reached skill level 1 in Conjurations
   693 | D:1      | Learned a level 2 spell: Throw Flame
   962 | D:2      | Reached XP level 3. HP: 27/31 MP: 2/6
  1274 | D:2      | Found a shadowy altar of Dithmenos.
  1612 | D:2      | Learned a level 3 spell: Conjure Flame
  1770 | D:2      | Reached XP level 4. HP: 28/40 MP: 3/8
  2407 | D:3      | Noticed Jessica
  2420 | D:3      | Reached skill level 1 in Fighting
  2519 | D:3      | Killed Jessica
  2519 | D:3      | Reached XP level 5. HP: 30/48 MP: 6/9
  2643 | D:3      | Noticed Grinder
  2800 | D:3      | Found an opulent altar of Gozag.
  3127 | D:3      | Noticed Terence
  3145 | D:3      | Killed Terence
  3145 | D:3      | Reached XP level 6. HP: 15/55 MP: 4/11
  3600 | D:3      | Noticed Sigmund
  3611 | D:3      | Killed Sigmund
  3611 | D:3      | Reached skill level 1 in Axes
  3891 | D:3      | Paralysed by Grinder for 5 turns
  4153 | D:2      | Learned a level 3 spell: Mephitic Cloud
  4160 | D:3      | Learned a level 3 spell: Inner Flame
  4422 | D:4      | Noticed Eustachio
  4753 | D:4      | Killed Eustachio
  4753 | D:4      | Reached skill level 1 in Polearms
  4753 | D:4      | Reached XP level 7. HP: 11/66 MP: 0/13
  5133 | D:4      | Noticed Natasha
  5143 | D:4      | Killed Natasha
  5162 | D:4      | Noticed Natasha
  5185 | D:4      | Slain by Natasha

Skill      XL: |  1  2  3  4  5  6 |
---------------+-------------------+-----
Dodging        | 2 3 |  3.3
Conjurations   | 1 2 |  2.7
Fire Magic     | 3 4 |  4.1
Spellcasting   | 3 4 |  4.3
Fighting       | 1 2 |  2.6
Stealth        | 2 |  2.4
Axes           | 1 |  1.2
Polearms       | 1 |  1.1
Maces & Flails | |  0.1

Action                   |  1- 3 |  4- 6 |  7- 9 || total
-------------------------+-------+-------+-------++-------
Melee: Unarmed           |   103 |    10 |       ||   113
       Club              |    14 |       |       ||    14
       Mace              |     3 |       |       ||     3
       Hand axe          |       |    22 |       ||    22
       Scythe            |       |    42 |     8 ||    50
Throw: Stone             |    12 |     3 |       ||    15
 Cast: Flame Tongue      |    49 |    68 |    12 ||   129
       Throw Flame       |     4 |    14 |     3 ||    21
  Use: Scroll            |       |     7 |     2 ||     9
       Potion            |       |     4 |     1 ||     5
 Stab: Sleeping          |     3 |     1 |     1 ||     5
  Eat: Chunk             |     3 |     7 |     1 ||    11
       Ration            |       |     1 |       ||     1
Armor: Robe              |    38 |    36 |     1 ||    75
Dodge: Dodged            |    75 |    82 |     3 ||   160
